AoeStats
← Masturbinho_69

African Clearing

510367479Analyzed
2v2 RM · 2d ago on Sep 30, 2026· 68m 17s· 4 players
Game mode
Random Map
Map size
Medium (4 player)
Population
200
Speed
Normal
Resources
Standard
Victory
Conquest
Starting age
Dark Age
Ending age
Imperial Age
RankedLock teamsTeams togetherTeam positionsShared explorationLock speedFull tech treeHidden civsTurbo modeCheats
Victory
Defeat
🇵🇱 Varangians · Poland
968
+13
🇵🇱 Persians · Poland
923
+15
🇩🇪 Bulgarians · Germany
907
-14
🇩🇪 Magyars · Germany
903
-14
Masturbinho_69
8:12 Loom
15:45 Feudal Age
16:28 Horse Collar
17:43 Double-Bit Axe
20:09 Forging
26:43 Scale Mail Armor
30:57 Castle Age
31:48 Pikeman
33:57 Iron Casting
34:16 Gambesons
46:49 Imperial Age
44:32 Squires
45:55 Bow Saw
46:36 Husbandry
46:48 Bloodlines
47:25 Ballistics
47:25 Scale Mail Armor
48:50 Wheelbarrow
48:30 Fletching
48:56 Chain Mail Armor
49:09 Elite Skirmisher
52:37 Thumb Ring
53:26 Hand Cart
55:24 Hand Cart
57:21 Chemistry
61:01 Gold Mining
62:23 Stirrups
62:49 Conscription
62:10 Cavalier
63:55 Blast Furnace
63:25 Plate Mail Armor
63:02 Scale Barding Armor
63:18 Arson
64:19 Halberdier
Miklós Zrínyi VII.
15:50 Loom
17:39 Feudal Age
20:44 Wheelbarrow
23:53 Castle Age
30:34 Double-Bit Axe
33:41 Horse Collar
34:26 Fletching
34:36 Padded Archer Armor
35:09 Pikeman
39:20 Thumb Ring
43:19 Husbandry
44:54 Leather Archer Armor
47:44 Hand Cart
47:53 Bodkin Arrow
48:07 Arson
57:39 Imperial Age
59:19 Recurve Bow
60:16 Conscription
59:50 Halberdier
61:09 Parthian Tactics
60:05 Heavy Cavalry Archer
64:57 Ballistics
64:53 Bracer
66:08 Chemistry
KoryT
9:03 Loom
14:03 Feudal Age
14:49 Double-Bit Axe
19:01 Scale Barding Armor
19:41 Forging
19:44 Bloodlines
27:13 Castle Age
27:24 Gold Mining
28:00 Husbandry
31:46 Horse Collar
32:42 Chain Barding Armor
34:15 Iron Casting
33:32 Fletching
36:04 Wheelbarrow
39:58 Bow Saw
40:07 Vendel Legacy
44:06 Stone Mining
44:38 Heavy Plow
47:03 Hand Cart
46:38 Town Watch
54:14 Imperial Age
51:42 Bodkin Arrow
55:51 Plate Barding Armor
56:45 Stone Shaft Mining
56:44 Crop Rotation
57:20 Two-Man Saw
57:01 Conscription
57:15 Elite Jarl
59:24 Blast Furnace
60:17 Scale Mail Armor
60:23 Squires
60:09 Gambesons
60:11 Arson
60:44 Elite Varangian Guard
61:42 Chain Mail Armor
62:17 Ballistics
62:58 Chemistry
63:16 Plate Mail Armor
62:48 Bracer
63:01 Masonry
62:47 Murder Holes
64:58 Gothikon
Obsessive
3:23 Loom
14:46 Feudal Age
15:50 Double-Bit Axe
18:37 Bloodlines
18:45 Scale Barding Armor
29:53 Castle Age
29:04 Padded Archer Armor
28:55 Fletching
29:18 Stone Mining
30:31 Thumb Ring
29:47 Crossbowman
32:28 Bow Saw
32:27 Gold Mining
34:34 Horse Collar
39:50 Gold Shaft Mining
40:23 Kamandaran
41:15 Arson
41:31 Squires
40:52 Pikeman
42:38 Heavy Plow
43:53 Wheelbarrow
43:04 Town Watch
45:13 Husbandry
46:29 Ballistics
49:10 Imperial Age
46:53 Bodkin Arrow
47:14 Leather Archer Armor
48:41 Chain Barding Armor
48:47 Hand Cart
49:59 Conscription
50:25 Ring Archer Armor
50:52 Masonry
51:41 Hoardings
51:53 Plate Barding Armor
52:52 Stone Shaft Mining
53:06 Heavy Camel Rider
54:32 Crop Rotation
55:23 Architecture
56:37 Two-Man Saw
56:22 Forging
57:53 Iron Casting
58:50 Sappers
60:44 Blast Furnace
63:30 Capped Ram
64:22 Murder Holes
Connection lost

Rejoining the realm…

Still unreachable

The connection could not be restored.

Session expired

The server has moved on; the page needs a fresh start.